[Event "November 21 Early 2023"]
[Site "https://www.chess.com"]
[Date "2023.11.21"]
[Round "10"]
[White "Suyarov, Mukhammadzokhid"]
[Black "Pastar, Slaven"]
[Result "0-1"]
[Board "23"]
[TimeControl "180+1"]
[WhiteFideId "14210495"]
[BlackFideId "14402718"]
[WhiteElo "2449"]
[BlackElo "2230"]
[WhiteTeam "UZB"]
[BlackTeam "BIH"]
[WhiteClock "0:00:00"]
[BlackClock "0:00:08"]

1. e4 b6 2. d4 Bb7 3. Nc3 e6 4. Bd3 Nf6 5. Nf3 Bb4 6. Qe2 d5 7. e5 Ne4 8. O-O Nxc3 9. bxc3 Bxc3 10. Rb1 Nc6 11. Qe3 Bb4 12. Qf4 Be7 13. Qg4 g6 14. Bh6 Qd7 15. Qf4 Bf8 16. Bg5 h6 17. Bf6 Rg8 18. Rfe1 Ne7 19. a4 a5 20. h4 O-O-O 21. Rb3 Re8 22. Rc3 Bc6 23. Rxc6 Nxc6 24. Bb5 Kb7 25. Re3 Qc8 26. c4 Nb4 27. Bxe8 Qxe8 28. Nd2 Qxa4 29. Kh2 Qd7 30. Qf3 Be7 31. Rc3 Bxf6 32. Qxf6 Qd8 33. Qf4 Qe7 34. c5 g5 35. Qg4 h5 36. Qxh5 gxh4 37. Nf3 f6 38. exf6 Qxf6 39. Re3 Rh8 40. Qg4 h3 41. g3 Rh6 42. Kg1 h2+ 43. Kh1 Qf5 44. Qxf5 exf5 45. Nxh2 bxc5 46. dxc5 d4 47. Re8 a4 48. Kg2 a3 49. Re1 a2 50. Ra1 Ra6 51. c6+ Kxc6 52. Nf3 Nc2 53. Rc1 a1=Q 54. Rxc2+ Kb7 55. Rc5 Ra5 56. Rc4 Ra4 57. Rc5 f4 58. gxf4 d3 59. f5 Rf4 60. Rb5+ Ka6 61. Rc5 Rxf3 62. Kxf3 d2 63. Rc6+ Kb7 0-1

[Event "November 21 Early 2023"]
[Site "https://www.chess.com"]
[Date "2023.11.21"]
[Round "10"]
[White "Nguyen, Ngoc Truong Son"]
[Black "Hulka, Valentyn"]
[Result "1/2-1/2"]
[Board "24"]
[TimeControl "180+1"]
[WhiteFideId "12401110"]
[BlackFideId "34107061"]
[WhiteElo "2556"]
[BlackElo "2163"]
[WhiteTeam "VIE"]
[BlackTeam "UKR"]
[WhiteClock "0:00:16"]
[BlackClock "0:00:16"]

1. e4 c5 2. Nf3 Nc6 3. d4 cxd4 4. Nxd4 Nf6 5. Nxc6 bxc6 6. Bd3 g6 7. O-O d6 8. b3 Bg7 9. Bb2 O-O 10. e5 Ng4 11. h3 Nxe5 12. f4 Qb6+ 13. Kh1 Nxd3 14. Bxg7 Nf2+ 15. Rxf2 Qxf2 16. Bxf8 Kxf8 17. Qd2 Qf1+ 18. Kh2 Bf5 19. Qd4 Kg8 20. Nd2 Qe2 21. c4 c5 22. Qc3 Be4 23. Rg1 Bc6 24. a3 Qf2 25. Kh1 Qxf4 26. Rf1 Qd4 27. Qc2 Qe3 28. Nf3 Rb8 29. b4 cxb4 30. axb4 Rxb4 31. Re1 Qf4 32. Rxe7 Rxc4 33. Qb2 Qc1+ 34. Qxc1 Rxc1+ 35. Ne1 f5 36. Kh2 Be4 37. Nf3 Bxf3 38. gxf3 a5 39. Kg3 Rc4 40. Ra7 a4 41. h4 h5 42. Ra6 Rd4 43. Ra7 f4+ 44. Kf2 Kf8 45. Ke2 Ke8 46. Rg7 Kd8 47. Rxg6 a3 48. Rg8+ Kc7 49. Ra8 Rb4 50. Rxa3 Rb2+ 51. Kd3 Rh2 52. Ke4 Rxh4 53. Kf5 Kc6 54. Kg5 Rh1 55. Kxf4 h4 56. Kg4 d5 57. f4 h3 58. Rxh3 Rxh3 59. Kxh3 Kd6 60. Kg4 Ke6 61. Kf3 Kf5 62. Ke3 d4+ 63. Kxd4 Kxf4 1/2-1/2

[Event "November 21 Early 2023"]
[Site "https://www.chess.com"]
[Date "2023.11.21"]
[Round "10"]
[White "Demchenko, Anton"]
[Black "Samunenkov, Ihor"]
[Result "1-0"]
[Board "25"]
[TimeControl "180+1"]
[WhiteFideId "4160258"]
[BlackFideId "14187086"]
[WhiteElo "2545"]
[BlackElo "2473"]
[WhiteTeam "SLO"]
[BlackTeam "UKR"]
[WhiteClock "0:00:05"]
[BlackClock "0:00:01"]

1. e4 c6 2. d4 d5 3. e5 Bf5 4. Bd3 Bxd3 5. Qxd3 e6 6. c3 c5 7. Ne2 Nc6 8. O-O Qb6 9. a3 Nge7 10. Nd2 Nf5 11. Nf3 h5 12. b4 cxd4 13. cxd4 Be7 14. Rd1 Qd8 15. Ng3 Nxg3 16. fxg3 O-O 17. h4 f6 18. exf6 Bxf6 19. Bf4 Qd7 20. Qe3 Ne7 21. Ra2 Nf5 22. Qe1 Rac8 23. Re2 Rfe8 24. Be5 Qf7 25. Kh2 Kh8 26. Rd3 Nh6 27. Bf4 Ng4+ 28. Kh1 Qg6 29. Rd1 Qf5 30. Qd2 a6 31. Rf1 Rc6 32. Be5 Rec8 33. Bxf6 gxf6 34. Nh2 Rc2 35. Rxf5 Rxd2 36. Rxh5+ Kg7 37. Re1 Re2 38. Rf1 Kg6 39. Nxg4 Kxh5 40. Nxf6+ Kg6 41. Ng4 Rcc2 42. Ne5+ Kg7 43. Kh2 Rxg2+ 44. Kh3 Rgf2 45. Re1 Rcd2 46. Nd7 Rfe2 47. Rc1 Rxd4 48. Rc7 Kg6 49. Nf8+ Kf5 50. Rf7+ Ke5 51. Rxb7 Rdd2 52. Kg4 d4 53. b5 axb5 54. Rxb5+ Kd6 55. Rb6+ Kd5 56. Rb5+ Kc4 57. Rb8 e5 58. Rc8+ Kd3 59. h5 Rh2 60. Ne6 Ke2 61. Re8 e4 62. Nf4+ Ke3 63. Nd5+ Kd3 64. Nf4+ Ke3 65. Nd5+ Kd3 66. Nf4+ Kc2 67. Rxe4 d3 68. Rd4 Kc3 69. Rd6 Kc2 70. h6 Rd1 71. Rd7 d2 72. Rc7+ Kb2 73. h7 Rdh1 74. Rb7+ Kxa3 75. Ra7+ Kb4 76. Nd5+ Kc5 77. Ne3 d1=Q+ 78. Nxd1 Rxd1 79. Kg5 Rdh1 80. Kg6 Rh6+ 81. Kf5 R1h5+ 82. Kg4 Rxh7 83. Ra5+ Kd4 84. Rxh5 Rg7+ 85. Rg5 Ra7 86. Rf5 Rg7+ 87. Kf4 Rg8 88. g4 Rg7 89. Rf8 Kd5 90. Kf5 Kd6 91. g5 Ke7 92. Rf6 Rg8 93. g6 Rf8 94. Rxf8 Kxf8 95. Kf6 Kg8 96. g7 1-0

[Event "November 21 Early 2023"]
[Site "https://www.chess.com"]
[Date "2023.11.21"]
[Round "10"]
[White "NovozhilovSemen"]
[Black "Bharath Subramaniyam H"]
[Result "0-1"]
[Board "26"]
[TimeControl "180+1"]
[BlackFideId "46634827"]
[WhiteElo "2756"]
[BlackElo "2435"]
[BlackTeam "IND"]
[WhiteClock "0:01:41"]
[BlackClock "0:02:00"]

1. d4 Nf6 2. Nf3 e6 3. e3 d5 4. Bd3 c5 5. b3 Nc6 6. O-O Bd6 7. Bb2 cxd4 8. exd4 O-O 9. c4 b6 10. Nc3 dxc4 11. bxc4 Bb7 12. Rc1 Rc8 13. Qe2 Nb4 14. Bb1 Bxf3 15. gxf3 Nh5 16. a3 Qh4 17. Bxh7+ Kh8 18. f4 Nxf4 19. Qe4 Qh3 20. Rfe1 Nbd3 21. Re3 Qxh7 0-1

[Event "November 21 Early 2023"]
[Site "https://www.chess.com"]
[Date "2023.11.21"]
[Round "10"]
[White "Tatarinov, Dmitry"]
[Black "Ashraf, Artin"]
[Result "1/2-1/2"]
[Board "27"]
[TimeControl "180+1"]
[WhiteFideId "24160067"]
[BlackFideId "22514805"]
[WhiteElo "2344"]
[BlackElo "2235"]
[WhiteTeam "RUS"]
[BlackTeam "IRI"]
[WhiteClock "0:00:09"]
[BlackClock "0:00:06"]

1. d4 Nf6 2. c4 g6 3. Nf3 Bg7 4. g3 O-O 5. Bg2 d6 6. O-O Nc6 7. Nc3 a6 8. e4 Bg4 9. Be3 Nd7 10. Qd2 e5 11. dxe5 Ndxe5 12. Nxe5 Nxe5 13. b3 Nf3+ 14. Bxf3 Bxf3 15. Bd4 Qd7 16. Qe3 Bxd4 17. Qxf3 Rfe8 18. Rac1 c6 19. Rfe1 Qc7 20. Qd3 Bc5 21. Kg2 Qa5 22. Re2 b5 23. h4 h5 24. e5 b4 25. Ne4 Rxe5 26. Rce1 Kg7 27. Nxd6 Rxe2 28. Rxe2 Rd8 29. Re5 Qb6 30. Rxc5 Qxc5 31. Nf5+ Qxf5 32. Qxd8 c5 33. Qd6 Qe4+ 34. Kh2 Qf5 35. Kg2 a5 36. Qa6 Qe4+ 37. Kh2 Qf3 38. Kg1 Qd1+ 39. Kg2 Qc2 40. Qxa5 Qe4+ 41. Kh2 Qd4 42. Kg1 Qd1+ 43. Kg2 Qd4 44. Qa8 Qb2 45. Qd5 Qxa2 46. Qe5+ Kh7 47. Qf6 Qa8+ 48. Qf3 Qe8 49. Qd5 Qe7 50. Kf3 Kg7 51. Qe4 Qf6+ 52. Kg2 Qc3 53. Qd5 Qxb3 54. Qe5+ Kh7 55. Qxc5 Qc3 56. Qd5 Kg7 57. c5 b3 58. c6 b2 59. Qe4 Qc1 60. Qe5+ Kh7 61. Qd5 b1=Q 62. Qxf7+ Kh8 63. Qf8+ Kh7 64. Qf7+ Kh6 65. Qf8+ Kh7 66. Qf7+ 1/2-1/2

[Event "November 21 Early 2023"]
[Site "https://www.chess.com"]
[Date "2023.11.21"]
[Round "10"]
[White "Ter-Sahakyan, Samvel"]
[Black "Mohammad Fahad, Rahman"]
[Result "1-0"]
[Board "28"]
[TimeControl "180+1"]
[WhiteFideId "13302531"]
[BlackFideId "10207791"]
[WhiteElo "2556"]
[BlackElo "2339"]
[WhiteTeam "ARM"]
[BlackTeam "BAN"]
[WhiteClock "0:02:37"]
[BlackClock "0:01:49"]

1. d4 d5 2. c4 e6 3. Nf3 Nf6 4. g3 Bb4+ 5. Nbd2 dxc4 6. Bg2 O-O 7. Qc2 b5 8. a3 Be7 9. a4 c6 10. axb5 cxb5 11. Ng5 h6 12. h4 Qxd4 13. Bxa8 Ng4 14. Qh7# 1-0

[Event "November 21 Early 2023"]
[Site "https://www.chess.com"]
[Date "2023.11.21"]
[Round "10"]
[White "Pourramezanali, Amirreza"]
[Black "Taher, Yoseph Theolifus"]
[Result "1-0"]
[Board "30"]
[TimeControl "180+1"]
[WhiteFideId "12511412"]
[BlackFideId "7105347"]
[WhiteElo "2302"]
[BlackElo "2352"]
[WhiteTeam "IRI"]
[BlackTeam "INA"]
[WhiteClock "0:00:03"]
[BlackClock "0:00:18"]

1. e4 c5 2. c3 Nf6 3. e5 Nd5 4. d4 cxd4 5. cxd4 g6 6. Nc3 Nxc3 7. bxc3 Bg7 8. Bd3 O-O 9. f4 d6 10. Nf3 Qc7 11. Bd2 Be6 12. O-O Bc4 13. Qe2 Bxd3 14. Qxd3 Nc6 15. Rab1 b6 16. Ng5 h6 17. Ne4 d5 18. Ng3 e6 19. Ne2 Rac8 20. g4 f5 21. gxf5 gxf5 22. Kh1 Kh7 23. Rg1 Qf7 24. Ng3 Rg8 25. Qf3 Bh8 26. Nh5 Ne7 27. Rg3 Rxg3 28. hxg3 Rg8 29. Kg2 Rg6 30. Rh1 Qe8 31. Qd3 Qa4 32. Qb1 Nc6 33. Kf2 Bg7 34. Rg1 Rg4 35. Re1 Kg6 36. Rh1 Kf7 37. Rh4 Rg6 38. g4 Ne7 39. Ng3 fxg4 40. f5 exf5 41. Nxf5 Qd7 42. Nxe7 Qxe7 43. Qf5+ Kg8 44. Kg3 Rc6 45. Rxg4 Qf7 46. Qxf7+ Kxf7 47. Kf4 Rg6 48. Rh4 Rg2 49. Be3 Rxa2 50. Kf5 Ra1 51. Bxh6 Rf1+ 52. Bf4 a5 53. e6+ Kf8 54. Rh7 Re1 55. Bd6+ Kg8 56. Rh4 Rf1+ 57. Rf4 Rxf4+ 58. Kxf4 a4 59. Kf5 b5 60. Kg6 Bf8 61. e7 Bxe7 62. Bxe7 a3 63. Bxa3 1-0

[Event "November 21 Early 2023"]
[Site "https://www.chess.com"]
[Date "2023.11.21"]
[Round "10"]
[White "Ahmad, Khagan"]
[Black "Licznerski, Lukasz"]
[Result "0-1"]
[Board "31"]
[TimeControl "180+1"]
[WhiteFideId "13431552"]
[BlackFideId "1179250"]
[WhiteElo "2160"]
[BlackElo "2436"]
[WhiteTeam "AZE"]
[BlackTeam "POL"]
[WhiteClock "0:00:05"]
[BlackClock "0:00:29"]

1. Nf3 d5 2. d4 Nf6 3. c4 c6 4. Nc3 Bf5 5. cxd5 cxd5 6. Qb3 Qb6 7. Nxd5 Nxd5 8. Qxd5 e6 9. Qb3 Qxb3 10. axb3 Nc6 11. Bd2 Nb4 12. Rc1 Bd6 13. g3 Bc2 14. Bg2 Bxb3 15. O-O Bd5 16. Rfe1 Be4 17. Ne5 Bxg2 18. Kxg2 f6 19. Nc4 Be7 20. Bxb4 Bxb4 21. Red1 Ke7 22. e4 Rhd8 23. d5 exd5 24. exd5 Rac8 25. Ne3 g6 26. h4 Rxc1 27. Rxc1 Bd2 28. Rc7+ Rd7 29. Rxd7+ Kxd7 30. Nc4 Bc1 31. b3 b5 32. Na5 Kd6 33. Kf3 Kxd5 34. Ke2 Ba3 35. Kd3 Bb4 36. Nb7 Kc6 37. Nd8+ Kd7 38. Nf7 Bf8 39. h5 gxh5 40. Ke4 Ke7 0-1

[Event "November 21 Early 2023"]
[Site "https://www.chess.com"]
[Date "2023.11.21"]
[Round "10"]
[White "Mikhailovsky, Vladimir"]
[Black "Arhan_Anand"]
[Result "1-0"]
[Board "32"]
[TimeControl "180+1"]
[WhiteFideId "34105414"]
[WhiteElo "2257"]
[BlackElo "2659"]
[WhiteTeam "RUS"]
[WhiteClock "0:00:09"]
[BlackClock "0:01:13"]

1. d4 d5 2. c4 c6 3. Nf3 Nf6 4. Nbd2 g6 5. e3 Bg7 6. Be2 O-O 7. O-O Nbd7 8. b4 Re8 9. b5 cxb5 10. cxb5 e5 11. dxe5 Ng4 12. Bb2 Ngxe5 13. Nxe5 Nxe5 14. Qb3 Be6 15. Bd4 Nc4 16. Nxc4 dxc4 17. Bxc4 Bxd4 18. Rad1 Qc7 19. Bxe6 Rxe6 20. Rxd4 Rc8 21. Rfd1 Qe5 22. h3 Rc5 23. a4 Qf6 24. Rf4 Qe7 25. Qd3 Kg7 26. Qd7 Rc7 27. Qd4+ Kg8 28. Qxa7 Rd6 29. Rfd4 Rxd4 30. Qxd4 Rc8 31. Qd7 Qc5 32. Qxb7 Qc2 33. Qd7 Ra8 34. Rd4 Rxa4 35. Rxa4 Qc1+ 36. Kh2 h5 37. Ra8+ Kg7 38. Qd4+ f6 39. Ra7+ 1-0

[Event "November 21 Early 2023"]
[Site "https://www.chess.com"]
[Date "2023.11.21"]
[Round "10"]
[White "Sadykov, Ramil"]
[Black "Rakhmanov, Aleksandr"]
[Result "0-1"]
[Board "33"]
[TimeControl "180+1"]
[WhiteFideId "24113590"]
[BlackFideId "4173708"]
[WhiteElo "2245"]
[BlackElo "2521"]
[WhiteTeam "FID"]
[BlackTeam "FID"]
[WhiteClock "0:00:00"]
[BlackClock "0:01:18"]

1. e4 c5 2. Nf3 Nf6 3. Nc3 d5 4. exd5 Nxd5 5. Bb5+ Bd7 6. Ne5 Nf6 7. Qf3 Qc8 8. O-O a6 9. Bxd7+ Nbxd7 10. Re1 e6 11. a4 Nxe5 12. Rxe5 Qc7 13. Re2 Bd6 14. h3 O-O 15. a5 c4 16. Ra4 Rfd8 17. Ne4 Be7 18. Nxf6+ Bxf6 19. Re4 Rd4 20. Rxd4 Bxd4 21. Qe4 Qc5 22. Qe2 Rc8 23. c3 Qc6 24. Ra1 Ba7 25. d4 cxd3 26. Qxd3 Qc7 27. Be3 Rd8 28. Qe4 Bxe3 29. Qxe3 h6 30. h4 Rd5 31. b4 Qc4 32. g3 Rd3 33. Qe5 Qxc3 34. Qxc3 Rxc3 35. Rb1 g5 36. hxg5 hxg5 37. b5 Rc5 38. bxa6 bxa6 39. Rb7 Rxa5 40. Kg2 Kg7 41. g4 Kg6 42. Kg3 Ra3+ 43. f3 a5 44. Rb6 a4 45. Ra6 Ra1 46. Ra5 a3 47. Kg2 a2 48. Ra4 f5 49. Ra6 fxg4 0-1

[Event "November 21 Early 2023"]
[Site "https://www.chess.com"]
[Date "2023.11.21"]
[Round "10"]
[White "Szpar, Milosz"]
[Black "Gontcharov, Vladislav"]
[Result "1-0"]
[Board "34"]
[TimeControl "180+1"]
[WhiteFideId "1184989"]
[BlackFideId "4123492"]
[WhiteElo "2446"]
[BlackElo "2420"]
[WhiteTeam "POL"]
[BlackTeam "RUS"]
[WhiteClock "0:00:06"]
[BlackClock "0:00:00"]

1. e4 e6 2. d4 d5 3. Nc3 Nc6 4. e5 f6 5. Bb5 Bd7 6. Nf3 Bb4 7. O-O Bxc3 8. Bxc6 Bb4 9. Bxb7 Rb8 10. Ba6 f5 11. Be2 Nh6 12. c4 dxc4 13. Bxh6 gxh6 14. Bxc4 c6 15. Qc1 Bf8 16. Ne1 Qg5 17. Nd3 Qxc1 18. Raxc1 Be7 19. g3 Kf7 20. h4 Rhg8 21. Kh2 Rg4 22. f4 Rbg8 23. Rf3 Rb8 24. Bb3 a5 25. Rc2 h5 26. Ba4 Rb6 27. Re3 Rg8 28. a3 Rd8 29. Nc5 Bc8 30. Nb3 Rd5 31. Rxc6 Rb8 32. Rec3 Bd7 33. R6c4 Bxa4 34. Rxa4 Rdb5 35. Nxa5 Rxb2+ 36. Kh3 Rb1 37. Rc2 Rh1+ 38. Kg2 Rbb1 39. Nc6 Rbg1+ 40. Kf3 Rf1+ 41. Ke3 Re1+ 42. Kd3 Bf8 43. Ra7+ Kg8 44. Kc4 Re3 45. Nd8 Rxa3 46. Rxa3 Bxa3 47. Nxe6 Rg1 48. d5 Rxg3 49. d6 Kf7 50. Ng5+ Ke8 51. Kd5 Rd3+ 52. Ke6 Kd8 53. Nf7+ 1-0

[Event "November 21 Early 2023"]
[Site "https://www.chess.com"]
[Date "2023.11.21"]
[Round "10"]
[White "Vakhlamov, Igor L."]
[Black "Vestby-Ellingsen, Mads"]
[Result "1-0"]
[Board "35"]
[TimeControl "180+1"]
[WhiteFideId "24126748"]
[BlackFideId "1520857"]
[WhiteElo "2407"]
[BlackElo "2241"]
[WhiteTeam "RUS"]
[BlackTeam "NOR"]
[WhiteClock "0:00:07"]
[BlackClock "0:00:21"]

1. e4 e5 2. Nf3 d5 3. exd5 e4 4. Qe2 Nf6 5. Nc3 Be7 6. Nxe4 O-O 7. Nxf6+ Bxf6 8. d4 Qxd5 9. Be3 Nc6 10. c3 Bg4 11. h3 Bh5 12. g4 Bg6 13. Bg2 Rfe8 14. O-O Qd6 15. Nd2 Rad8 16. Rfe1 h6 17. Qb5 Rb8 18. Nc4 Qd7 19. d5 Ne5 20. Qxd7 Nxd7 21. Bxa7 Rxe1+ 22. Rxe1 Ra8 23. Be3 Rxa2 24. d6 cxd6 25. Bxb7 Bd3 26. Nxd6 Rxb2 27. Bd5 Bxc3 28. Rc1 Rb1 29. Nxf7 Rxc1+ 30. Bxc1 Kh7 31. Nd6 Be5 32. Nc4 Bc7 33. Ne3 Nf6 34. Be6 Bf4 35. Bb2 Kg6 36. Nf5 h5 37. Ne7+ Kh6 38. Kg2 hxg4 39. hxg4 Be4+ 40. f3 Bb7 41. Nf5+ Kg6 42. Bc3 Nxg4 43. Ne7+ Kg5 44. Bxg4 Bd6 45. Nf5 Bf8 46. Nxg7 Kg6 47. Ne6 Bd6 48. Bd2 Kf7 49. Ng5+ Kg6 50. Ne4 Be5 51. Nc5 Bc6 52. Nd3 Bd6 53. Bc3 Ba4 54. Kf2 Bc6 55. Ke3 Bb5 56. Bd4 Ba4 57. Ne5+ Kg5 58. Nf7+ Kg6 59. Nxd6 Bd1 60. Ne4 Kh7 61. Kf4 Kg6 62. Bf5+ Kf7 63. Ng5+ Ke7 64. Bc5+ Ke8 65. Bg6+ Kd7 66. Be3 Kd6 67. Kg3 Bxf3 68. Kxf3 Kd5 69. Be4+ Kc4 70. Kf4 Kc3 71. Ke5 Kc4 72. Bd5+ Kc3 73. Bd4+ Kd3 74. Ne6 Kc2 75. Bc4 Kd2 76. Ke4 Kc2 77. Bb5 Kd2 78. Bd3 Kc1 79. Bc3 Kd1 80. Kd4 Kc1 81. Nc7 Kd1 82. Nd5 Kc1 83. Nb6 Kd1 84. Ke3 Kc1 85. Be2 Kc2 86. Kd4 Kb3 87. Nd5 Kc2 88. Kc4 Kc1 89. Kb3 Kb1 90. Bd2 Ka1 91. Nb4 Kb1 92. Bd3+ Ka1 93. Bc3# 1-0

[Event "November 21 Early 2023"]
[Site "https://www.chess.com"]
[Date "2023.11.21"]
[Round "10"]
[White "Shubenkova, Veronika"]
[Black "Pakleza, Zbigniew"]
[Result "0-1"]
[Board "36"]
[TimeControl "180+1"]
[WhiteFideId "44124040"]
[BlackFideId "1119290"]
[WhiteElo "1967"]
[BlackElo "2410"]
[WhiteTeam "RUS"]
[BlackTeam "POL"]
[WhiteClock "0:00:53"]
[BlackClock "0:00:03"]

1. e4 d6 2. d4 Nf6 3. f3 Nbd7 4. c4 e5 5. d5 Be7 6. Nc3 O-O 7. Be3 Nh5 8. Qd2 g6 9. Bd3 Nc5 10. Nge2 f5 11. O-O-O f4 12. Bxc5 dxc5 13. Rdf1 a6 14. Kb1 Bd7 15. Bc2 b5 16. Bb3 Bd6 17. Nc1 Qe7 18. Nd3 Rab8 19. Ne2 Rb6 20. Rc1 Rfb8 21. Rc2 Nf6 22. Rhc1 b4 23. Rh1 a5 24. Rcc1 a4 25. Bd1 Ra6 26. g3 fxg3 27. Nxg3 Rf8 28. Re1 a3 29. b3 Raa8 30. f4 Rae8 31. f5 gxf5 32. Rg1 Kh8 33. Nxf5 Bxf5 34. exf5 e4 35. Ne1 Qe5 36. Rc2 Rg8 37. Rf1 Ng4 38. Bxg4 Rxg4 39. f6 Rf8 40. Qh6 Rg6 41. Qh4 Rgxf6 42. Rxf6 Rxf6 43. Rg2 Rf1 44. Qd8+ Bf8 45. Qh4 Bg7 46. Kc1 Rxe1+ 47. Qxe1 Qa1+ 48. Kd2 Bc3+ 0-1

[Event "November 21 Early 2023"]
[Site "https://www.chess.com"]
[Date "2023.11.21"]
[Round "10"]
[White "luckyswitchback"]
[Black "Saravana, Krishnan P."]
[Result "0-1"]
[Board "37"]
[TimeControl "180+1"]
[BlackFideId "5018382"]
[WhiteElo "2826"]
[BlackElo "2167"]
[BlackTeam "IND"]
[WhiteClock "0:00:21"]
[BlackClock "0:00:10"]

1. e4 c6 2. d4 d5 3. e5 Qb6 4. Nf3 Bg4 5. Be2 e6 6. O-O Nd7 7. Be3 Qxb2 8. Nbd2 Qb6 9. c4 Ne7 10. Rb1 Qc7 11. h3 Bf5 12. Rb3 dxc4 13. Bxc4 Nb6 14. Nh4 Bg6 15. Bg5 Ned5 16. Nxg6 hxg6 17. Bxd5 Nxd5 18. Ne4 a5 19. Qb1 Rb8 20. Rc1 a4 21. Rf3 b5 22. Qc2 Rc8 23. Nc3 Nb4 24. Nxb5 Qd7 25. Qc4 Rb8 26. Nc3 Be7 27. Ne4 Bxg5 28. Nxg5 Nd5 29. Nxf7 O-O 30. Ng5 Qe7 31. Rxf8+ Rxf8 32. Ne4 Qa3 33. Qxc6 Nf4 34. Ng3 Qxa2 35. Qe4 Qd5 36. Qc2 a3 37. Ne4 a2 38. f3 Qxd4+ 39. Kh2 a1=Q 40. Rxa1 Qxa1 41. Qc5 Nd3 42. Qd6 Qxe5+ 43. Qxe5 Nxe5 44. Kg3 Nf7 45. Nf2 Rc8 46. Kh2 Ra8 47. Ng4 Ra5 48. Ne3 Kf8 49. Kg3 Rd5 50. Nf1 Ke7 51. Nh2 Kd6 52. Kf2 Nh6 53. Kg3 Rd2 54. h4 Nf5+ 55. Kh3 Nxh4 56. Kxh4 Rxg2 57. Ng4 Rxg4+ 58. Kxg4 Ke5 59. Kg5 Kd4 60. Kg4 Ke3 61. Kg3 e5 62. Kg4 Kf2 63. f4 e4 64. Kg5 e3 65. Kxg6 e2 66. Kxg7 e1=Q 67. f5 Qe7+ 68. Kg6 Qf8 0-1

[Event "November 21 Early 2023"]
[Site "https://www.chess.com"]
[Date "2023.11.21"]
[Round "10"]
[White "aghasiyevkamal"]
[Black "Alexandre, Anne Shopie Elizabeth"]
[Result "0-1"]
[Board "38"]
[TimeControl "180+1"]
[BlackFideId "11902418"]
[WhiteElo "2565"]
[BlackElo "2820"]
[BlackTeam "HAI"]
[WhiteClock "0:00:06"]
[BlackClock "0:00:15"]

1. e4 c5 2. Nf3 d6 3. Bb5+ Nd7 4. a4 Nf6 5. Nc3 a6 6. Be2 g6 7. O-O Bg7 8. a5 O-O 9. d4 cxd4 10. Nxd4 Ne5 11. h3 Bd7 12. f4 Nc6 13. Nxc6 Bxc6 14. Bf3 Nd7 15. Be3 Rc8 16. Qd2 Nc5 17. Bd4 e5 18. Be3 exf4 19. Bxf4 Ne6 20. Be3 Be5 21. Nd5 Bxb2 22. Bb6 Qh4 23. Bf2 Qd8 24. Bb6 Qh4 25. Bf2 Qg5 26. Be3 Qe5 27. Ne7+ Kg7 28. Nxc8 Bxa1 29. Bh6+ Kg8 30. Ne7+ Kh8 31. Nxc6 bxc6 32. Bxf8 Nxf8 33. Qb4 Bd4+ 34. Kh1 Ne6 35. Rd1 c5 36. Qb8+ Kg7 37. Bg4 Ng5 38. c3 Nxe4 39. cxd4 Nf2+ 40. Kg1 Qe3 41. Kf1 Ne4 42. Qb2 Ng3# 0-1

[Event "November 21 Early 2023"]
[Site "https://www.chess.com"]
[Date "2023.11.21"]
[Round "10"]
[White "Vignesh N R"]
[Black "Do Nascimento,Christian Almeida"]
[Result "1-0"]
[Board "39"]
[TimeControl "180+1"]
[WhiteFideId "25012215"]
[BlackFideId "2143801"]
[WhiteElo "2425"]
[BlackElo "2118"]
[WhiteTeam "IND"]
[BlackTeam "BRA"]
[WhiteClock "0:02:40"]
[BlackClock "0:02:45"]

1. Nf3 Nf6 2. g3 g6 3. c4 Bg7 4. d4 O-O 5. Bg2 c5 6. d5 d6 7. Nc3 Na6 8. O-O Nc7 9. e4 a6 10. e5 dxe5 11. Nxe5 Rb8 12. Re1 b5 13. Nc6 1-0

[Event "November 21 Early 2023"]
[Site "https://www.chess.com"]
[Date "2023.11.21"]
[Round "10"]
[White "Mazurkiewicz, Michal"]
[Black "Nagy, Gabor"]
[Result "1-0"]
[Board "40"]
[TimeControl "180+1"]
[WhiteFideId "1124943"]
[BlackFideId "737119"]
[WhiteElo "2124"]
[BlackElo "2505"]
[WhiteTeam "POL"]
[BlackTeam "HUN"]
[WhiteClock "0:00:08"]
[BlackClock "0:00:59"]

1. e4 e5 2. Nf3 d6 3. d4 exd4 4. Nxd4 Nf6 5. Nc3 Be7 6. g3 O-O 7. Bg2 c6 8. O-O Re8 9. h3 Bf8 10. g4 Na6 11. g5 Nd7 12. f4 Ndc5 13. Be3 d5 14. e5 Nc7 15. Bf2 a5 16. Bg3 N5e6 17. Nxe6 Nxe6 18. h4 g6 19. h5 Ng7 20. h6 Nf5 21. Bf2 b5 22. Qd3 b4 23. Ne2 Ba6 24. Qd2 Bxe2 25. Qxe2 a4 26. Rad1 b3 27. axb3 axb3 28. c4 d4 29. Bxc6 Ra2 30. Bd5 Ba3 31. e6 fxe6 32. Bxe6+ Kf8 33. Qe5 Bxb2 34. Rfe1 d3 35. Bc5+ Re7 36. Bxe7+ Qxe7 37. Qb8+ Qe8 38. Qxe8+ Kxe8 39. Bxf5+ Kf8 40. Bxd3 Bc3 41. Re2 b2 42. Bb1 Ra4 43. Rd8+ Kf7 44. Rd7+ Kf8 45. Rd1 Rxc4 46. Rc2 Ke7 47. Kg2 Ke6 48. Rd3 Rxf4 49. Rcxc3 Kf5 50. Rf3+ Kxg5 51. Rxf4 1-0

[Event "November 21 Early 2023"]
[Site "https://www.chess.com"]
[Date "2023.11.21"]
[Round "10"]
[White "Starozhilov, Leonid"]
[Black "Galchenko, Matvey"]
[Result "0-1"]
[Board "41"]
[TimeControl "180+1"]
[WhiteFideId "14106752"]
[BlackFideId "24175480"]
[WhiteElo "2270"]
[BlackElo "2406"]
[WhiteTeam "UKR"]
[BlackTeam "FID"]
[WhiteClock "0:00:02"]
[BlackClock "0:00:04"]

1. e4 e6 2. d3 d5 3. Nf3 Nf6 4. Nbd2 c5 5. c3 Nc6 6. a3 Be7 7. b4 b6 8. e5 Nd7 9. d4 O-O 10. Bd3 f6 11. b5 Na5 12. O-O fxe5 13. Nxe5 Nxe5 14. dxe5 c4 15. Bc2 d4 16. Be4 Bb7 17. Qg4 dxc3 18. Bxb7 cxd2 19. Bxa8 dxc1=Q 20. Qxe6+ Rf7 21. Raxc1 Qxa8 22. Rcd1 Nb3 23. Qxc4 Nc5 24. Rd4 Qe8 25. Rfd1 Kh8 26. f4 g6 27. g3 Kg7 28. a4 Qc8 29. Qc3 Qe6 30. Qc4 Qf5 31. Qc3 Ne6 32. Rc4 g5 33. Qd3 Qh3 34. Qf1 Qg4 35. Re1 Bc5+ 36. Kg2 gxf4 37. Ree4 f3+ 38. Kh1 Qf5 39. Rg4+ Kh8 40. Rce4 Rf8 41. Rh4 f2 42. Kg2 Qf3+ 43. Kh3 Ng5# 0-1

[Event "November 21 Early 2023"]
[Site "https://www.chess.com"]
[Date "2023.11.21"]
[Round "10"]
[White "Ibarra Jerez, Jose Carlos"]
[Black "Jakubowski, Krzysztof"]
[Result "1-0"]
[Board "42"]
[TimeControl "180+1"]
[WhiteFideId "2226332"]
[BlackFideId "1112848"]
[WhiteElo "2634"]
[BlackElo "2369"]
[WhiteTeam "ESP"]
[BlackTeam "POL"]
[WhiteClock "0:00:06"]
[BlackClock "0:00:00"]

1. e4 c5 2. Nf3 e6 3. d3 Nc6 4. g3 Nf6 5. Bg2 d5 6. Qe2 Be7 7. O-O b5 8. exd5 Nxd5 9. c4 Nc7 10. Nc3 b4 11. Nb5 a6 12. Nxc7+ Qxc7 13. Bf4 Qb6 14. Ne5 Nd4 15. Qg4 Bb7 16. Qxg7 Rf8 17. Rfe1 f6 18. Qxh7 fxe5 19. Qh5+ Kd7 20. Qxe5 Rf5 21. Qg7 Raf8 22. Bxb7 Qxb7 23. Re4 Nf3+ 24. Kh1 Ng5 25. Bxg5 Rxg5 26. Qh6 Re5 27. Qe3 Rxe4 28. dxe4 Bf6 29. Qxc5 Qxe4+ 30. Kg1 Ke8 31. Rd1 Be7 32. Qh5+ Rf7 33. Qh8+ Bf8 34. Qh5 Qc2 35. Rf1 Qxc4 36. Qg6 Qd5 37. Re1 Ke7 38. Qc2 Bg7 39. Rd1 Bd4 40. Qc7+ Kf8 41. Qc8+ Kg7 42. Rd2 e5 43. Qc2 Qe6 44. Qe4 Qf6 45. Kg2 Qh6 46. Re2 Qg6 47. Qd5 Qf5 48. f3 Rd7 49. Qc6 Rf7 50. h4 a5 51. Qd5 Qd3 52. Qe4 Qxe4 53. Rxe4 a4 54. b3 Rc7 55. f4 Rc2+ 56. Kh3 Rxa2 57. fxe5 Bc3 58. bxa4 Rxa4 59. e6 Kf8 60. h5 Ke7 61. h6 Ra8 62. Rc4 Rh8 63. Kg4 Rxh6 64. Kf5 Rf6+ 65. Ke4 Rxe6+ 66. Kd3 Rd6+ 67. Kc2 Rg6 68. g4 Kf6 69. Kb3 Kg5 70. Re4 Rf6 71. Rc4 Rf4 72. Rc8 Kxg4 73. Re8 Kf3 74. Kc2 Re4 75. Rd8 Ke3 76. Rd3+ Kf4 77. Rd8 Ke5 78. Kb3 Re3 79. Re8+ Kf4 80. Rf8+ Ke4 81. Rd8 Kf3 82. Kc4 Be1 83. Rd1 Ke2 84. Rd8 Re4+ 85. Kb3 Bd2 86. Rd7 Kd1 87. Rh7 Re3+ 88. Kb2 Bc1+ 89. Ka2 Ra3+ 90. Kb1 Rb3+ 91. Ka2 Rb2+ 92. Ka1 Re2 93. Kb1 Bd2 94. Kb2 Bc3+ 95. Kb3 Rb2+ 96. Kc4 Kc2 97. Rh2+ Kb1 98. Rh8 Rf2 99. Ra8 Rf3 100. Rg8 Be1 101. Rg1 Re3 102. Kd4 Re7 103. Rg2 Kc1 104. Kc4 Re3 105. Kd4 Rh3 106. Kc4 Kd1 107. Ra2 Bd2 108. Ra1+ Ke2 109. Ra2 Rh4+ 110. Kb3 Rh3+ 111. Kc4 1-0